 Dungeon Crawl Stone Soup version 0.23.0-42-geed6394480 (webtiles) character file.

Game seed: 7989079861492617613

21 LostNumber the Magician (level 2, 0/20 HPs)
             Began as a Gnoll Wizard on Mar 1, 2019.
             Slain by a centaur (8 damage)
             ... on level 2 of the Dungeon.
             The game lasted 00:01:38 (686 turns).

LostNumber the Magician (Gnoll Wizard)               Turns: 686, Time: 00:01:38

Health: 0/20       AC:  3    Str:  9    XL:     2   Next: 83%
Magic:  0/10       EV: 13    Int: 20    God:
Gold:   46         SH:  0    Dex: 13    Spells: 10/15 levels left

rFire    . . .     SeeInvis .   i - +4 short sword
rCold    . . .     Gourm    .   (no shield)
rNeg     . . .     Faith    .   c - +0 leather armour
rPois    .         Spirit   .   b - +0 hat
rElec    .         Reflect  .   (no cloak)
rCorr    .         Harm     .   (no gloves)
MR       .....                  (no boots)
Stlth    ++........             (no amulet)
HPRegen  0.06/turn              (no ring)
MPRegen  0.12/turn              (no ring)

@: very slightly contaminated
A: distributed training, fangs 1, strong nose
a: no special abilities


You were on level 2 of the Dungeon.
You were not hungry.

You visited 1 branch of the dungeon, and saw 2 of its levels.

You collected 46 gold pieces.

Inventory:

Hand Weapons
 d - a +0 dagger
   (You took it off a kobold on level 1 of the Dungeon)
 i - a +4 short sword (weapon)
   (You found it on level 1 of the Dungeon)
Armour
 a - a +0 robe
 b - a +0 hat (worn)
 c - a +0 leather armour (worn)
   (You found it on level 1 of the Dungeon)
Scrolls
 f - 2 scrolls of identify {unknown}
 h - a scroll of immolation {unknown}
 j - a scroll of magic mapping {unknown}
 k - 2 scrolls of amnesia {unknown}
Potions
 g - a potion of flight {unknown}
 l - a potion of curing {unknown}
 m - a potion of might {unknown}
Comestibles
 e - a ration {!d}


   Skills:
 + Level 0.5 Fighting
 + Level 0.5 Short Blades
 + Level 0.5 Long Blades
 + Level 0.5 Axes
 + Level 0.5 Maces & Flails
 + Level 0.5 Polearms
 + Level 0.5 Staves
 + Level 0.5 Slings
 + Level 0.5 Bows
 + Level 0.5 Crossbows
 + Level 0.5 Throwing
 + Level 0.5 Armour
 + Level 4.5 Dodging
 + Level 4.1 Stealth
 + Level 0.5 Shields
 + Level 0.5 Unarmed Combat
 + Level 7.1 Spellcasting
 + Level 2.0 Conjurations
 + Level 0.3 Hexes
 + Level 0.3 Charms
 + Level 2.0 Summonings
 + Level 0.3 Necromancy
 + Level 2.0 Translocations
 + Level 0.3 Transmutations
 + Level 0.3 Fire Magic
 + Level 0.3 Ice Magic
 + Level 0.3 Air Magic
 + Level 0.3 Earth Magic
 + Level 0.3 Poison Magic
 + Level 0.6 Invocations
 + Level 0.5 Evocations


You had 10 spell levels left.
You knew the following spells:

 Your Spells              Type           Power        Failure   Level  Hunger
a - Magic Dart            Conj           ###.         5%          1    None
b - Blink                 Tloc           N/A          9%          2    None
x - Call Imp              Summ           ###.....     9%          2    None

Your spell library contained the following spells:

 Spells                   Type           Power        Failure   Level  Hunger
 Slow                     Hex            #.......     17%         2    None
 Conjure Flame            Conj/Fire      ##......     24%         3    #......
 Mephitic Cloud           Conj/Pois/Air  ##......     26%         3    #......


Dungeon Overview and Level Annotations

Branches:
Dungeon (2/15)

Altars:


Innate Abilities, Weirdness & Mutations

Your experience applies equally to all skills.
You have very sharp teeth.
Your uncanny sense of smell can sniff out nearby items.


Message History

The magic dart hits the adder.
The adder bites you but does no damage.
Aim: an adder (heavily wounded)
The magic dart hits the adder.
The adder barely misses you. The adder bites you.
Aim: an adder (heavily wounded)
The magic dart hits the adder.
The adder misses you.
Aim: an adder (heavily wounded)
The magic dart hits the adder but does no damage.
The adder closely misses you.
Aim: an adder (heavily wounded)
The magic dart hits the adder.
The adder bites you but does no damage. The adder barely misses you.
Aim: an adder (severely wounded)
The magic dart hits the adder.
The adder closely misses you.
Aim: an adder (almost dead)
The magic dart hits the adder.
You kill the adder!
You can't see any susceptible monsters within range! (Use Z to cast anyway.)
m - a bubbling cyan potion
Found 10 gold pieces.
Found a stone staircase leading down.
A centaur comes into view.
You see here 10 gold pieces.
A centaur is nearby!
A centaur is nearby!
Aim: a centaur (resting)
The magic dart hits the centaur.
The centaur shouts!
You hear a shout!
A giant cockroach comes into view.
The giant cockroach moves out of view.
You hit the centaur. The centaur hits you.
Aim: a centaur (lightly wounded)
The magic dart hits the centaur.
The centaur misses you. The centaur closely misses you.
Aim: a centaur (moderately wounded)
The magic dart hits the centaur.
The centaur closely misses you.
Aim: a centaur (moderately wounded)
You miscast Magic Dart.
You are very lightly contaminated with residual magic.
Strange energies run through your body.
The centaur hits you but does no damage.
The centaur misses you.
You don't have enough magic to cast that spell.
You barely miss the centaur. The centaur barely misses you.
The centaur closely misses you.
You hit the centaur. The centaur barely misses you.
A kobold comes into view.
It is wielding a +2 short sword of draining.
You hit the centaur. The centaur closely misses you. The centaur hits you!
* * * LOW HITPOINT WARNING * * *
You hit the centaur. The centaur hits you!
You die...

# ### #. >.###
####..#######.#.#####
......sc...........>.
####..##@#.##.#.####
#. ##.#.##.######. ..
............... .#
##.#.##.######. #
#.#.##.# .##.#.##.#
....#.#..# .........#
######..######.


You could see a centaur and a giant cockroach.

Vanquished Creatures
  An adder (D:2)
  A leopard gecko (D:1)
  A goblin (D:1)
  A hobgoblin (D:1)
  A bat (D:1)
  3 kobolds (D:1)
  3 rats (D:1)
11 creatures vanquished.

Notes
Turn   | Place    | Note
-------+----------+-------------------------------------------
     0 | D:1      | LostNumber the Gnoll Wizard began the quest for the Orb.
     0 | D:1      | Reached XP level 1. HP: 13/13 MP: 8/8
   326 | D:1      | Reached XP level 2. HP: 17/19 MP: 8/10
   349 | D:1      | Learned a level 2 spell: Blink
   352 | D:1      | Learned a level 2 spell: Call Imp
   675 | D:2      | Noticed a centaur
   686 | D:2      | Slain by a centaur

Skill      XL: |  1 |
---------------+----+-----
Conjurations   | 2 |  2.0
Summonings     | 2 |  2.0
Translocations | 2 |  2.0
Fighting       | |  0.5
Short Blades   | |  0.5
Long Blades    | |  0.5
Axes           | |  0.5
Maces & Flails | |  0.5
Polearms       | |  0.5
Staves         | |  0.5
Slings         | |  0.5
Bows           | |  0.5
Crossbows      | |  0.5
Throwing       | |  0.5
Armour         | |  0.5
Dodging        | |  4.5
Stealth        | |  4.1
Shields        | |  0.5
Unarmed Combat | |  0.5
Spellcasting   | |  7.1
Hexes          | |  0.3
Charms         | |  0.3
Necromancy     | |  0.3
Transmutations | |  0.3
Fire Magic     | |  0.3
Ice Magic      | |  0.3
Air Magic      | |  0.3
Earth Magic    | |  0.3
Poison Magic   | |  0.3
Invocations    | |  0.6
Evocations     | |  0.5

Action                   || total
-------------------------++-------
Melee: Short sword       ||     9
 Cast: Magic Dart        ||    27
Armor: Leather armour    ||     4
Dodge: Dodged            ||    14
